 Dungeon Crawl Stone Soup version 0.30.1-3-gfc49f6343a (webtiles) character file.

Game seed: 3087842125540556298

44 Zeor the Shooter (level 3, -6/21 HPs)
             Began as a Tengu Hunter on Aug 4, 2023.
             Mangled by a gnoll
             ... wielding a +0 flail
              (10 damage)
             ... on level 2 of the Dungeon.
             The game lasted 00:02:08 (742 turns).

Zeor the Shooter (Tengu Hunter)                      Turns: 742, Time: 00:02:10

Health: -6/21      AC:  3    Str: 11    XL:     3   Next: 60%
Magic:  4/4        EV: 12    Int:  9    God:
Gold:   551        SH:  0    Dex: 19    Spells: 2/2 levels left

rFire   . . .        a - +0 shortbow
rCold   . . .        (shield currently unavailable)
rNeg    . . .        c - +0 leather armour
rPois   .            (helmet restricted)
rElec   .            e - scarf {+Inv}
rCorr   .            (no gloves)
SInv    .            (boots unavailable)
Will    .....        (no amulet)
Stlth   ++           (no ring)
HPRegen 0.23/turn    (no ring)
MPRegen 0.09/turn

%: no passive effects
@: no status effects
A: beak, talons 3
a: Evoke Invisibility


You were on level 2 of the Dungeon.
You visited 1 branch of the dungeon, and saw 2 of its levels.

You collected 551 gold pieces.

Inventory:

Hand Weapons
 a - a +0 shortbow (weapon)
 g - a +0 dagger
Armour
 c - a +0 leather armour (worn)
 e - a scarf of invisibility (worn)
Scrolls
 b - a scroll of immolation
 f - a scroll of teleportation


   Skills:
 + Level 2.1 Fighting
 + Level 5.3 Ranged Weapons
 + Level 0.5 Armour
 * Level 2.6 Dodging
 + Level 1.1 Stealth


You had 2 spell levels left.
You didn't know any spells.
Your spell library contained the following spells:

 Spells                   Type           Power      Damage    Failure   Level
 Freeze                   Ice            0%         1d3       47%         1
 Blink                    Tloc           0%         N/A       63%         2
 Frozen Ramparts          Ice            0%         1d1       85%         3
 Hailstorm                Conj/Ice       0%         3d3       85%         3
 Manifold Assault         Tloc           0%         N/A       99%         4
 Storm Form               Tmut/Air       0%         N/A       100%        7


Dungeon Overview and Level Annotations

Branches:
Dungeon (2/15)

Altars:
Qazlal


Innate Abilities, Weirdness & Mutations

You have a beak for a mouth.
You have claws for feet.


Message History

A gnoll is nearby!
You shoot an arrow. The arrow hits the gnoll!
The gnoll shouts!
The gnoll is severely wounded.
You see here 12 gold pieces.
You shoot an arrow. The arrow hits the gnoll!
You kill the gnoll!
You now have 551 gold pieces (gained 12).
A gnoll comes into view. It is wielding a +0 flail.
You shoot an arrow. The arrow closely misses the gnoll.
You shoot an arrow. The arrow hits the gnoll!
The gnoll is severely wounded.
You shoot an arrow. The arrow closely misses the gnoll.
You shoot an arrow. The arrow hits the gnoll.
The gnoll is almost dead.
You shoot an arrow. The arrow barely misses the gnoll.
The gnoll hits you with a +0 flail!
Ouch! That really hurt!
You are too injured to fight recklessly!
You are too injured to fight recklessly!
Fire: a) +0 shortbow
Press: ? - help, Q - select action, (/) - cycle Shift-Dir - straight line, f/p - gnoll
Aim: a gnoll, wielding a +0 flail (almost dead, 68% to hit)
You shoot an arrow. The arrow barely misses the gnoll.
The gnoll completely misses you.
A gnoll comes into view. It is wielding a +0 whip.
Fire: a) +0 shortbow
Press: ? - help, Q - select action, (/) - cycle Shift-Dir - straight line, f/p - gnoll
Aim: a gnoll, wielding a +0 flail (almost dead, 68% to hit)
You shoot an arrow.
The arrow hits the gnoll but does no damage.
The gnoll is almost dead.
The gnoll hits you with a +0 flail!
* * * LOW HITPOINT WARNING * * *
Fire: a) +0 shortbow
Press: ? - help, Q - select action, (/) - cycle Shift-Dir - straight line, f/p - gnoll
Aim: a gnoll, wielding a +0 flail (almost dead, 68% to hit)
You shoot an arrow. The arrow completely misses the gnoll.
The gnoll hits you with a +0 flail!
You die...

···················░░░░··········
····░░░░░░········░░ ░········░░
·····░░ ░░·····░··▒ ░░·······░░
░░░░··░ ░░░░░░░░∙▒ ░·∙·░░░░░░
░░·░ ░∙▒▒▒∙∙···░
░·░░░░▒▒▒▒▒▒▒▒∙∙∙∙∙∙░░░░
░······∙∙∙∙▒∙$∙∙∙∙▒░░
░░░░░▒▒▒▒▒∙∙∙∙∙∙∙∙▒ ░
▒∙∙∙∙∙∙Qg∙∙∙∙▒ ░
▒∙▒▒▒▒∙▒▒▒∙)∙▒░░░ ░ ▒▒▒▒▒▒∙▒ ▒∙▒
░··∙g∙·░░░ ░ ▒▒∙)∙∙∙∙▒ ▒∙▒
░░·░·▒···░░░ ░ ▒∙∙▒∙∙▒▒▒▒ ▒∙▒
░·░^··░···░░░░ ▒▒▒▒∙▒∙∙∙∙∙∙▒ ▒∙▒
░·░░░·░░░····· ∙∙∙∙∙∙∙▒▒▒▒∙▒░▒∙▒
░·░ ░·░░░░░░·· ∙∙∙∙∙▒▒▒▒∙∙∙∙∙∙∙▒
░·░ ░··░░····· ∙∙∙∙∙▒
▒∙▒∙▒▒▒░░▒▒▒∙░░░░····░░░░


You could see 2 gnolls.

Vanquished Creatures
  A gnoll (D:2)
  An adder (D:2)
  2 dart slugs (D:1)
  A ball python (D:1)
  A bat (D:1)
  An endoplasm (D:2)
  4 goblins
  A hobgoblin (D:1)
  3 jackals (D:1)
  2 kobolds (D:1)
  A rat (D:1)
18 creatures vanquished.

Notes
Turn   | Place    | Note
-------+----------+-------------------------------------------
     0 | D:1      | Zeor the Tengu Hunter began the quest for the Orb.
     0 | D:1      | Reached XP level 1. HP: 12/12 MP: 2/2
    53 | D:1      | Reached XP level 2. HP: 17/17 MP: 3/3
   578 | D:2      | Found a stormy altar of Qazlal.
   586 | D:2      | Reached skill level 5 in Ranged Weapons
   596 | D:2      | Reached XP level 3. HP: 4/21 MP: 4/4
   598 | D:2      | HP: 1/21 [poisoned by an adder]
   704 | D:2      | Identified a scroll of acquirement
   704 | D:2      | Acquired 477 gold pieces
   742 | D:2      | Mangled by a gnoll

Illustrated notes

Levels and vault maps discovered:
D:1:      doesnt_arrival_eight_statues, layout_rooms,
          dreamdust_mushroom_princess
D:2:      layout_rooms, basic_altar, uniq_natasha

Skill      XL: |  1  2 |
---------------+-------+-----
Ranged Weapons | 5 |  5.3
Fighting       | |  2.1
Armour         | |  0.5
Dodging        | |  2.6
Stealth        | |  1.1

Action                     || total
---------------------------++-------
  Melee: Kick              ||     2
         Unarmed           ||     1
         Dagger            ||     3
   Fire: Shortbow          ||    54
    Use: Scroll            ||     3
 Armour: Leather armour    ||    15
  Dodge: Dodged            ||    20
